 Dungeon Crawl Stone Soup version 0.25-a0-803-g58bd18402a (webtiles) character file.

Game seed: 9650356811657713137, levelgen mode: deterministic

1223 DerDa the Firebug (level 8, -2/54 HPs)
             Began as a Demonspawn Fire Elementalist on Apr 19, 2020.
             Was a Follower of Sif Muna.
             Slain by an orc warrior
             ... wielding a +3 long sword of holy wrath
              (9 damage)
             ... on level 7 of the Dungeon.
             The game lasted 00:16:10 (5165 turns).

DerDa the Firebug (Demonspawn Fire Elementalist)    Turns: 5165, Time: 00:16:12

Health: -2/54      AC:  6    Str:  8    XL:     8   Next: 23%
Magic:  11/15      EV: 13    Int: 20    God:    Sif Muna [*.....]
Gold:   410        SH:  5    Dex: 13    Spells: 7/17 levels left

rFire    . . .     SeeInvis .   m - +2 whip (venom)
rCold    . . .     Gourm    .   (no shield)
rNeg     + . .     Faith    .   a - +0 robe
rPois    .         Spirit   .   (no helmet)
rElec    .         Reflect  +   g - +0 cloak
rCorr    .         Harm     .   x - +2 pair of gloves
MR       .....                  (no boots)
Stlth    ++........             z - +5 amulet of reflection
HPRegen  0.18/turn              (no ring)
MPRegen  0.14/turn              t - ring of positive energy

@: very slightly contaminated
A: talons 1, powered by death 1, powered by pain 1, sturdy frame 1
a: Channel Magic, Renounce Religion


You were on level 7 of the Dungeon.
You worshipped Sif Muna.
Sif Muna was aware of your devotion.
You were not hungry.

You visited 2 branches of the dungeon, and saw 8 of its levels.

You collected 410 gold pieces.

Inventory:

Hand Weapons
 m - a +2 whip of venom (weapon)
 y - a +1 hand axe of electrocution
Armour
 a - a +0 robe (worn)
 g - a +0 cloak (worn)
 x - a +2 pair of gloves (worn)
Magical Staves
 q - an uncursed staff of earth
Jewellery
 t - a ring of positive energy (right hand)
 z - a +5 amulet of reflection (around neck)
Wands
 f - a wand of digging (6)
 p - a wand of iceblast (9)
Scrolls
 b - 2 scrolls of fog {unknown}
 e - a scroll of enchant weapon
 i - 2 scrolls of immolation
 l - 6 scrolls of remove curse
 n - a scroll of amnesia
 r - 3 scrolls of teleportation
 u - 2 scrolls of enchant armour
 v - 2 scrolls of magic mapping
 A - a scroll of blinking {unknown}
 C - a scroll of identify
Potions
 d - a potion of ambrosia {unknown}
 h - a potion of degeneration {unknown}
 j - 2 potions of lignification {unknown}
 k - a potion of cancellation {unknown}
 o - a potion of curing {unknown}
 s - 2 potions of resistance {unknown}
 w - a potion of mutation {unknown}
Comestibles
 c - 9 rations
 B - 9 chunks of flesh


   Skills:
 - Level 1.0 Fighting
 - Level 1.2(1.4) Axes
 - Level 0.6(1.1) Maces & Flails
 - Level 2.4 Dodging
 - Level 2.0 Stealth
 * Level 5.2 Spellcasting
 * Level 5.1 Conjurations
 * Level 5.7 Fire Magic


You had 7 spell levels left.
You knew the following spells:

 Your Spells              Type           Power        Failure   Level  Hunger
a - Foxfire               Conj/Fire      ####         1%          1    None
b - Sticky Flame          Conj/Fire      ####....     12%         4    ####...
c - Fireball              Conj/Fire      ####......   32%         5    #####..

Your spell library contained the following spells:

 Spells                   Type           Power        Failure   Level  Hunger
 Conjure Flame            Conj/Fire      ####....     3%          3    ##.....
 Inner Flame              Hex/Fire       ###.....     11%         3    ##.....
 Animate Skeleton         Necr           N/A          12%         1    None
 Apportation              Tloc           #.....       12%         1    None
 Corona                   Hex            #......      12%         1    None
 Summon Small Mammal      Summ           #...         12%         1    None


Dungeon Overview and Level Annotations

Branches:
Dungeon (7/15)             Temple (1/1) D:4

Altars:
Ashenzari
Cheibriados
Dithmenos
Elyvilon
Fedhas
Gozag
Hepliaklqana
Kikubaaqudgha
Makhleb
Nemelex Xobeh
Okawaru
Qazlal
Ru
Sif Muna
Trog
Uskayaw
Vehumet
Wu Jian
Xom
Yredelemnul
Zin
The Shining One

Annotations:
D:4 Edmund


Innate Abilities, Weirdness & Mutations

You have sharp toenails.
You regenerate a little health from kills.
You sometimes gain a little power by taking damage.
Your movements are slightly less encumbered by armour. (ER -2)


Message History

You convulse!!
* * * LOW HITPOINT WARNING * * *
You focus on the pain.
You feel your power returning.
The orc warrior burns!
The orc warrior burns!
The orc warrior burns!
The orc warrior stops burning.
The crimson imp blinks!
Casting: Sticky Flame (dangerous; 12% risk of failure)
Confirm with . or Enter, or press ? or * to list all spells.
Aiming: Sticky Flame (dangerous; 12% risk of failure)
Press: ? - help, Shift-Dir - straight line, f/p - orc warrior
Aim: an orc warrior, wielding a +3 long sword of holy wrath and wearing a +0 chain mail (heavily wounded)
You miscast Sticky Flame.
You are very lightly contaminated with residual magic.
You feel a strange surge of energy!
* * * LOW HITPOINT WARNING * * *
The orc shouts!
The crimson imp blinks!
The orc warrior hits you with a +3 long sword of holy wrath!
You die...

#.#.#.#
#..ยง..#
#o....#
#.....#
#..#### #o##
#o# ### #o#
#.. #@# #.#
######.####.#
..........##.#
#####
#######.#.##.#
#.<.. #....#.#
#.### #..#...#
#.# ##.>.###
#.# ##.## #.#
#.# #.#


You could see an orc warrior and 3 orcs.

Vanquished Creatures
  3 sky beasts
  An ogre (D:5)
  An ice beast (D:5)
  A bullfrog (D:6)
  A scorpion (D:6)
  A howler monkey (D:4)
  3 crimson imps
  A hound (D:7)
  A jelly (D:5)
  A centaur skeleton (D:6)
  A bullfrog skeleton (D:5)
  2 orc priests (D:5)
  3 orc wizards
  A hound skeleton (D:4)
  A howler monkey zombie (D:5)
  4 gnolls
  6 adders
  2 oozes
  An adder zombie (D:2)
  4 worms
  2 dart slugs
  5 leopard geckos
  9 orcs
  3 bats
  11 giant cockroaches
  10 goblins
  9 hobgoblins
  3 jackals (D:1)
  5 kobolds
  4 quokkas
  A ball python (D:4)
  7 frilled lizards
  8 rats
116 creatures vanquished.

Vanquished Creatures (others)
  262 foxfires
262 creatures vanquished.

Grand Total: 378 creatures vanquished

Notes
Turn   | Place    | Note
-------+----------+-------------------------------------------
     0 | D:1      | DerDa the Demonspawn Fire Elementalist began the quest for
                  | the Orb.
     0 | D:1      | Reached XP level 1. HP: 13/13 MP: 3/3
   471 | D:1      | Gained mutation: You regenerate a little health from kills.
                  | [demonic ancestry]
   471 | D:1      | Reached XP level 2. HP: 19/19 MP: 3/5
   785 | D:1      | Reached XP level 3. HP: 24/24 MP: 3/6
  1257 | D:1      | Reached skill level 1 in Axes
  1410 | D:2      | You fall into a shaft and drop 1 floor!
  1414 | D:3      | Reached XP level 4. HP: 30/31 MP: 2/7
  1473 | D:3      | Reached XP level 5. HP: 13/36 MP: 4/9
  1531 | D:3      | Found a snail-covered altar of Cheibriados.
  1807 | D:2      | Reached skill level 1 in Fighting
  2720 | D:4      | Found a white marble altar of Elyvilon.
  2720 | D:4      | Found a shadowy altar of Dithmenos.
  2766 | D:4      | Found a staircase to the Ecumenical Temple.
  2797 | Temple   | Entered the Ecumenical Temple
  2814 | Temple   | Became a worshipper of Sif Muna the Loreminder
  2944 | D:4      | Found a glowing golden altar of the Shining One.
  3015 | D:4      | Gained mutation: You sometimes gain a little power by
                  | taking damage. [demonic ancestry]
  3015 | D:4      | Reached XP level 6. HP: 32/43 MP: 5/10
  3108 | D:4      | Noticed Edmund
  3115 | D:4      | Learned a level 4 spell: Sticky Flame
  3121 | D:4      | Learned a level 5 spell: Fireball
  3616 | D:5      | Entered Level 5 of the Dungeon
  3846 | D:5      | Noticed an ice beast
  3857 | D:5      | Killed an ice beast
  3925 | D:5      | Noticed a sky beast
  3951 | D:5      | Killed a sky beast
  3951 | D:5      | Gained mutation: You have sharp toenails. [demonic
                  | ancestry]
  3951 | D:5      | Reached XP level 7. HP: 41/48 MP: 5/13
  4482 | D:5      | Reached skill level 5 in Fire Magic
  4772 | D:6      | Gained mutation: Your movements are slightly less
                  | encumbered by armour. (ER -2) [demonic ancestry]
  4772 | D:6      | Reached XP level 8. HP: 42/54 MP: 10/15
  4803 | D:6      | Reached skill level 5 in Spellcasting
  4959 | D:6      | Reached skill level 5 in Conjurations
  5008 | D:6      | Reached * piety under Sif Muna
  5165 | D:7      | Slain by an orc warrior

Levels and vault maps discovered:
D:1:      nicolae_arrival_memento_mori, layout_basic, roderic_lattice_a,
          dk_noncrumbling_2, st_stairs_9
D:2:      layout_rooms
D:3:      layout_basic, cheibriados_altar_1, first_ration
D:4:      layout_loops_corners, grunt_temple_overflow_open, tso_oasis_becter,
          minmay_temple_entry_mist, uniq_edmund
D:5:      layout_loops_ring
D:6:      layout_rooms
D:7:      layout_loops_ring, gup_ossuary_entry_pyramid, columned_hall_lemuel,
          minmay_misc_feat_columns
Temple:   compressed_dpeg_circular_temple

Skill      XL: |  1  2  3  4  5  6  7  8 |
---------------+-------------------------+-----
Fire Magic     | 3 4 5 |  5.7
Dodging        | 2 |  2.4
Axes           | 1 |  1.2
Stealth        | 2 |  2.0
Fighting       | 1 |  1.0
Conjurations   | 2 3 4 5 |  5.1
Spellcasting   | 3 4 5 |  5.2
Maces & Flails | |  0.6

Action                   |  1- 3 |  4- 6 |  7- 9 || total
-------------------------+-------+-------+-------++-------
Melee: Hand axe          |    36 |       |       ||    36
       Whip              |    15 |   102 |    80 ||   197
       Kick              |       |       |    11 ||    11
 Cast: Foxfire           |    58 |    86 |    36 ||   180
       Sticky Flame      |       |     3 |     5 ||     8
  Use: Scroll            |       |    10 |       ||    10
 Stab: Sleeping          |       |     2 |     1 ||     3
  Eat: Chunk             |     1 |     8 |     4 ||    13
       Ration            |       |       |     1 ||     1
Armor: Robe              |    14 |    17 |    31 ||    62
Dodge: Dodged            |    49 |    47 |    48 ||   144
Block: Other             |       |       |     7 ||     7

Table legend:
 A = Non-vault XP
 B = Vault XP
 C = Vault XP percentage of total XP
 D = Non-vault monster count
 E = Vault monster count
 F = Vault count percentage of total count
                 A         B        C        D         E       F
            +---------+---------+-------+---------+---------+-------
      Total |    1744 |       4 |   0.2 |     114 |       2 |   1.7
            +---------+---------+-------+---------+---------+-------
        D:1 |      89 |       4 |   4.3 |      35 |       2 |   5.4
        D:2 |      63 |       0 |   0.0 |      14 |       0 |   0.0
        D:3 |     163 |       0 |   0.0 |      26 |       0 |   0.0
        D:4 |     115 |       0 |   0.0 |       9 |       0 |   0.0
        D:5 |     701 |       0 |   0.0 |      16 |       0 |   0.0
        D:6 |     570 |       0 |   0.0 |      13 |       0 |   0.0
        D:7 |      43 |       0 |   0.0 |       1 |       0 |   0.0
            +---------+---------+-------+---------+---------+-------
